Map: Bel'Shir Vestige LE (Void)

Players

BIGFLLA

  • Race: Protoss Protoss
  • League: Silver
  • Spawn Location: 11:00

thewolfking - Winner!

  • Race: Zerg Zerg
  • League: Silver
  • Spawn Location: 5:00

VOD

Have the link to the VOD?

Description

Time

  • Played on: March 21, 2017, 3:47 a.m.
  • Length: 14:20
Show
View Real Time Build Order
Export as new Build Order

BIGFLLA Protoss 

Build Orders:  

Get SALT Encoding   

  12  0:01  Probe (Chrono Boost)  
  13  0:11  Probe (Chrono Boost)  
  14  0:18  Pylon  
  14  0:24  Probe (Chrono Boost)  
  15  0:36  Probe (Chrono Boost)  
  16  0:46  Assimilator  
  16  0:47  Probe (Chrono Boost)  
  17  0:57  Probe (Chrono Boost)  
  17  1:02  Gateway  
  18  1:07  Gateway  
  18  1:11  Pylon  
  18  1:14  Probe (Chrono Boost)  
  19  1:25  Probe (Chrono Boost)  
  20  1:35  Probe (Chrono Boost)  
  20  1:36  Gateway  
  21  1:49  Cybernetics Core  
  21  1:50  Probe (Chrono Boost)  
  22  2:01  Probe (Chrono Boost)  
  23  2:08  Assimilator  
  22  2:11  Probe (Chrono Boost)  
  23  2:34  Nexus  
  23  2:41  Probe (Chrono Boost)  
  24  2:55  Pylon  
  24  3:02  Nexus  
  24  3:04  Mothership Core (Chrono Boost)  
  26  3:17  Warp Gate, Stalker  
  26  3:18  Stalker  
  30  3:21  Sentry  
  32  3:37  Pylon  
  32  3:48  Pylon  
  32  3:51  Probe (Chrono Boost)  
  32  3:52  Probe (Chrono Boost)  
  30  4:22  Zealot x3  
  36  4:25  Probe x2 (Chrono Boost)  
  36  4:26  Probe (Chrono Boost)  
  39  4:35  Probe x2 (Chrono Boost)  
  42  4:38  Probe (Chrono Boost)  
  42  4:50  Probe x2 (Chrono Boost)  
  42  4:52  Probe (Chrono Boost)  
  45  5:03  Probe x2 (Chrono Boost)  
  45  5:05  Probe (Chrono Boost)  
  48  5:12  Stalker x2  
  48  5:13  Stalker  
  50  5:15  Probe (Chrono Boost)  
  50  5:16  Probe (Chrono Boost)  
  50  5:17  Probe (Chrono Boost)  
  57  5:21  Pylon  
  57  5:27  Probe (Chrono Boost)  
  57  5:28  Probe (Chrono Boost)  
  59  5:29  Probe (Chrono Boost)  
  59  5:38  Stalker  
  59  5:39  Probe (Chrono Boost), Stalker x2  
  59  5:40  Probe (Chrono Boost)  
  59  5:41  Pylon, Probe (Chrono Boost)  
  64  5:49  Twilight Council  
  68  5:52  Probe x2 (Chrono Boost)  
  68  5:53  Probe (Chrono Boost)  
  68  5:54  Gateway  
  71  6:07  Assimilator  
  71  6:09  Assimilator  
  71  6:10  Assimilator x2  
  71  6:13  Probe x3 (Chrono Boost)  
  60  6:39  Blink  
  60  6:47  Stalker  
  60  6:48  Stalker  
  60  6:51  Stalker  
  60  6:52  Stalker  
  71  7:02  Probe x2 (Chrono Boost)  
  71  7:03  Probe (Chrono Boost)  
  71  7:10  Pylon  
  71  7:14  Pylon, Stalker x2  
  74  7:17  Probe x3 (Chrono Boost)  
  74  7:21  Stalker  
  74  7:22  Stalker  
  82  7:23  Forge  
  82  7:27  Forge  
  84  7:38  Probe x2 (Chrono Boost)  
  84  7:39  Probe (Chrono Boost)  
  84  7:40  Stalker x2  
  87  7:51  Stalker  
  77  7:52  Stalker  
  77  7:57  Pylon  
  79  8:06  Stalker x2  
  79  8:09  Pylon  
  83  8:14  Robotics Facility  
  83  8:21  Stalker  
  83  8:22  Sentry  
  87  8:32  Zealot x2  
  91  8:48  Zealot  
  91  8:49  Protoss Ground Weapons Level 1  
  91  8:51  Zealot, Protoss Ground Armor Level 1  
  91  8:56  Zealot x2  
  75  9:16  Zealot  
  80  9:17  Probe x3 (Chrono Boost)  
  80  9:18  Zealot  
  80  9:19  Zealot  
  80  9:20  Zealot  
  86  9:29  Probe x2 (Chrono Boost)  
  86  9:30  Probe (Chrono Boost), Warp Prism  
  91  9:41  Probe (Chrono Boost)  
  91  9:42  Probe x2 (Chrono Boost), Stalker  
  91  9:43  Zealot, Stalker  
  91  9:45  Stalker  
  102  9:54  Charge  
  105  10:00  Probe (Chrono Boost)  
  105  10:01  Probe x2 (Chrono Boost)  
  105  10:06  Immortal  
  109  10:09  Zealot x2  
  109  10:10  Zealot  
  109  10:13  Probe x3 (Chrono Boost)  
  110  10:15  Zealot  
  100  10:25  Probe x3 (Chrono Boost)  
  97  10:42  Probe (Chrono Boost)  
  61  10:59  Protoss Ground Weapons Level 2  
  61  11:00  Zealot, Protoss Ground Armor Level 2  
  61  11:01  Zealot, Immortal  
  61  11:04  Zealot x2  
  61  11:08  Probe (Chrono Boost)  
  61  11:09  Probe x2 (Chrono Boost)  
  70  11:21  Probe x3 (Chrono Boost)  
  70  11:24  Zealot x2  
  73  11:32  Zealot  
  85  11:33  Probe x2 (Chrono Boost)  
  85  11:34  Mothership Core (Chrono Boost)  
  85  11:37  Immortal  
  77  12:11  Immortal  
  71  12:34  Stalker x3  
  71  12:35  Stalker  
  79  12:45  Immortal  
  75  13:07  Zealot x4  
  83  13:19  Immortal  
  87  13:34  Nexus  
  87  13:38  Assimilator  
  87  13:41  Probe x3 (Chrono Boost)  
  90  13:42  Assimilator, Pylon  
  90  13:47  Pylon  
Show
View Real Time Build Order
Export as new Build Order

thewolfking Zerg - Winner!

Build Orders: Pool First 

Get SALT Encoding   

  12  0:01  Drone  
  13  0:14  Extractor, Drone  
  12  0:19  Drone  
  14  0:24  Overlord  
  14  0:43  Spawning Pool  
  13  0:53  Drone  
  13  0:54  Drone  
  13  0:55  Drone  
  16  1:15  Drone  
  16  1:17  Drone  
  18  1:30  Zergling x2  
  18  1:31  Queen  
  21  1:39  Metabolic Boost  
  21  1:42  Zergling x2  
  22  1:50  Extractor  
  22  2:01  Drone  
  22  2:03  Overlord  
  22  2:08  Baneling Nest  
  21  2:22  Drone x2  
  23  2:39  Lair  
  23  2:43  Drone x2  
  25  2:55  Drone x2  
  27  3:03  Drone  
  28  3:07  Hatchery  
  27  3:17  Zergling x6  
  27  3:18  Overlord  
  30  3:42  Zergling x6  
  33  3:51  Hydralisk Den  
  28  4:22  Hydralisk x3  
  33  4:29  Queen  
  35  4:31  Drone x2  
  35  4:36  Zergling x6  
  40  4:49  Drone  
  40  4:50  Hydralisk  
  43  4:54  Muscular Augments  
  43  5:04  Drone  
  43  5:06  Overlord  
  44  5:15  Overlord  
  44  5:26  Evolution Chamber  
  43  5:33  Hydralisk  
  43  5:34  Hydralisk x2  
  49  5:38  Drone x3  
  49  5:41  Drone  
  49  5:42  Drone x2  
  55  5:45  Extractor  
  55  5:47  Extractor  
  53  5:50  Centrifical Hooks  
  53  5:54  Hydralisk x2  
  53  5:57  Overlord  
  57  6:01  Drone  
  56  6:31  Hydralisk x3  
  62  6:39  Drone x4  
  66  6:44  Zerg Missile Weapons Level 1  
  66  6:46  Lurker Den  
  66  6:49  Burrow  
  66  7:03  Evolution Chamber  
  66  7:08  Spore Crawler  
  64  7:10  Drone x3  
  64  7:11  Spore Crawler  
  64  7:13  Drone  
  64  7:14  Overlord  
  64  7:15  Overlord  
  61  7:51  Hydralisk x3  
  67  7:58  Drone  
  67  7:59  Drone x2  
  67  8:01  Zerg Ground Armor Level 1  
  70  8:07  Infestation Pit  
  70  8:11  Zergling x2  
  70  8:14  Queen  
  72  8:26  Hydralisk x4  
  80  8:36  Overlord  
  80  8:37  Overlord  
  80  8:39  Zergling x6  
  68  9:15  Hydralisk x4  
  68  9:16  Hydralisk x6  
  88  9:37  Spire, Hive  
  87  9:50  Zergling x12  
  93  9:55  Zerg Missile Weapons Level 2  
  92  10:07  Hatchery  
  81  10:25  Zergling x4  
  81  10:26  Zergling x8  
  61  11:02  Hydralisk x4  
  61  11:03  Hydralisk x2  
  65  11:18  Ultralisk Cavern  
  64  11:21  Hydralisk x2  
  68  11:40  Zerg Ground Armor Level 2  
  68  11:44  Queen  
  56  12:13  Hydralisk x7  
  56  12:14  Hydralisk x5  
  56  12:15  Hydralisk x2  
  82  12:25  Drone x2  
  82  12:26  Drone  
  85  12:36  Zergling x4  
  85  12:37  Zergling x6  
  86  12:59  Drone x3  
  86  13:01  Overlord  
  89  13:11  Extractor  
  88  13:13  Extractor  
  87  13:32  Hatchery  
Tags
 
Add a new tag
Caveats
  • Supply blocks, unpowered buildings, or Contaminate may cause inaccurate times.
  • Supply counts are checked every 10 seconds.